 Dungeon Crawl Stone Soup version 0.29.1-2-gbd0b4ee654 (webtiles) character file.

Game seed: 11709787620250033994

14813 croobank the Covert (level 11, -2/55 HPs)
             Began as a Felid Summoner on Oct 27, 2022.
             Was an Initiate of Gozag.
             Slain by a death yak (26 damage)
             ... on level 5 of the Lair of Beasts.
             The game lasted 01:41:52 (28500 turns).

croobank the Covert (Felid Summoner)               Turns: 28500, Time: 01:41:53

Health: -2/55      AC:  5    Str:  9    XL:     11   Next: 93%
Magic:  12/24      EV: 28    Int: 19    God:    Gozag
Gold:   3425       SH:  0    Dex: 22    Spells: 4/27 levels left
                                        Lives:  0   Deaths: 2

rFire   . . .      SeeInvis +   (weapon unavailable)
rCold   + . .      Faith    .   (shield unavailable)
rNeg    . . .      Spirit   .   (body armour unavailable)
rPois   +          Reflect  .   (helmet unavailable)
rElec   .          Harm     .   (cloak unavailable)
rCorr   .          Rampage  .   (gloves unavailable)
Will    +....                   (boots unavailable)
Stlth   ++++++....              (no amulet)
HPRegen 0.18/turn               d - +6 ring of strength
MPRegen 0.19/turn               s - ring of poison resistance

@: gold aura, quick
A: very small, claws 1, fangs 3, see invisible, speed 1, shaggy fur 3, stealthy
paws, no weapons or thrown items, no armour, multi-lived, iridescent scales 1,
agile 1
a: Renounce Religion, Potion Petition, Call Merchant, Bribe Branch


You were on level 5 of the Lair of Beasts.
You worshipped Gozag.
Gozag was most pleased with you.
You visited 3 branches of the dungeon, and saw 16 of its levels.

You collected 3628 gold pieces.
You paid 203 gold pieces to Gozag.

Inventory:

Jewellery
 d - a +6 ring of strength (left paw)
 s - a ring of poison resistance (right paw)
Wands
 b - a wand of mindburst (2)
 c - a wand of roots (34)
 o - a wand of digging (5)
 y - a wand of light (6)
 A - a wand of charming (19)
 C - a wand of flame (10)
Scrolls
 e - 2 scrolls of teleportation
 i - a scroll of torment {unknown}
 l - 3 scrolls of vulnerability
 x - a scroll of magic mapping {unknown}
 z - 3 scrolls of identify
 B - a scroll of blinking {unknown}
Potions
 a - 2 potions of magic
 g - 2 potions of mutation
 h - a potion of resistance
 j - 4 potions of flight
 k - 4 potions of degeneration
 m - 3 potions of cancellation
 n - 2 potions of ambrosia
 q - 2 potions of lignification
 r - a potion of haste
 t - a potion of brilliance
 u - a potion of berserk rage
 v - 4 potions of might {unknown}
 D - a potion of curing
Miscellaneous
 w - a phantom mirror


   Skills:
 * Level 11.2 Fighting
 + Level 11.9 Dodging
 + Level 13.0 Stealth
 + Level 8.6 Spellcasting
 - Level 7.0 Hexes
 - Level 10.0 Summonings
 - Level 1.0 Fire Magic
 - Level 7.0 Air Magic


You had 4 spell levels left.
You knew the following spells:

 Your Spells              Type           Power      Damage    Failure   Level
a - Summon Small Mammal   Summ           100%       N/A       1%          1
b - Call Imp              Summ           46%        N/A       1%          2
c - Call Canine Familiar  Summ           46%        N/A       1%          3
d - Summon Guardian Gole  Hex/Summ       40%        N/A       1%          3
e - Summon Lightning Spi  Summ/Air       40%        N/A       2%          4
f - Tukima's Dance        Hex            34%        N/A       1%          3
g - Inner Flame           Hex/Fire       23%        N/A       4%          3
h - Airstrike             Air            17%        2d(3-19)  4%          4

Your spell library contained the following spells:

 Spells                   Type           Power      Damage    Failure   Level
 Shock                    Conj/Air       84%        1d8       1%          1
 Swiftness                Air            34%        N/A       1%          3
 Ensorcelled Hibernation  Hex/Ice        42%        N/A       3%          2
 Poisonous Vapours        Pois/Air       42%        N/A       3%          2
 Foxfire                  Conj/Fire      40%        2x1d6     7%          1
 Apportation              Tloc           16%        N/A       9%          1
 Freeze                   Ice            32%        1d5       9%          1
 Conjure Flame            Conj/Fire      10%        6-21      21%         3
 Fulminant Prism          Conj/Hex       10%        3d9       21%         4
 Stone Arrow              Conj/Erth      16%        3d8       26%         3
 Flame Wave               Conj/Fire      10%        2d6       56%         4
 Hailstorm                Conj/Ice       8%         3d4       63%         4
 Iskenderun's Mystic Bla  Conj/Tloc      8%         2d4       63%         4
 Freezing Cloud           Conj/Ice/Air   8%         6-21      65%         5
 Alistair's Intoxication  Tmut/Pois      5%         N/A       93%         5
 Blade Hands              Tmut           4%         N/A       93%         5
 Lee's Rapid Deconstruct  Erth           4%         3d6*      93%         5
 Lehudib's Crystal Spear  Conj/Erth      4%         10d3      100%        8
 Polar Vortex             Ice            4%         N/A       100%        9
 Portal Projectile        Hex/Tloc       Unusable   N/A       N/A         3
 Animate Armour           Summ/Erth      Unusable   N/A       N/A         4
 Corpse Rot               Necr/Pois/Air  Unusable   N/A       N/A         4
 Simulacrum               Ice/Necr       Unusable   N/A       N/A         6

Dungeon Overview and Level Annotations

Branches:
Dungeon (10/15)            Temple (1/1) D:4            Lair (5/5) D:9
  Swamp (0/4) Lair:3       Spider (0/4) Lair:2        Slime (0/5) Lair:4
    Orc (0/2) D:9

Altars:
Ashenzari
Cheibriados
Dithmenos
Fedhas
Gozag
Makhleb
Okawaru
Ru
Sif Muna
Trog
Uskayaw
Vehumet
Wu Jian
Yredelemnul
The Shining One
Jiyva


Innate Abilities, Weirdness & Mutations

You have sharp claws.
You have razor-sharp teeth.
You have supernaturally acute eyesight. (SInv)
You cover ground quickly. (Speed+)
Your thick and shaggy fur keeps you warm. (AC +3, rC+)
Your paws help you pounce on unaware monsters.
You are incapable of wielding weapons or throwing items.
You cannot wear armour.
You gain extra lives every three experience levels.
You are partially covered in iridescent scales. (AC +2)
You are agile. (Dex +4, Str/Int -1)


Message History

Confirm with . or Enter, or press ? or * to list all spells.
A guardian golem appears, shielding your allies.
Your lightning spire shoots out a bolt of lightning at the death yak!
The bolt of electricity hits the death yak! x2
A death yak comes into view.
The death yak gores you!!
You swap places.
Your lightning spire shoots out a bolt of lightning at the death yak!
The bolt of electricity hits your guardian golem.
Your guardian golem resists.
The bolt of electricity hits the death yak!
The bolt of electricity hits the death yak.
The bolt of electricity hits your guardian golem.
Your guardian golem resists.
The death yak gores your guardian golem!!
Your lightning spire shoots out a bolt of lightning at the death yak!
The bolt of electricity hits your guardian golem.
Your guardian golem resists.
The bolt of electricity hits the death yak! x2
The bolt of electricity hits your guardian golem.
Your guardian golem resists.
Your guardian golem overheats!
You hear a bellow!
The death yak gores your guardian golem.
Flame seeps out of your guardian golem.
Your guardian golem is engulfed in blazing flames.
Your guardian golem disappears in a puff of smoke!
Your guardian golem explodes!
The fiery explosion engulfs the death yak!!
The death yak dies!
Training target 10.0 for Summonings reached!
Your Summonings skill increases to level 10!
The death yak bellows!
The death yak gores you!
A river rat and a hell rat come into view.
The hell rat moves out of view.
The river rat barely misses you. The death yak closely misses you.
The death yak gores you!!
You die...
Your body crumbles into a pile of gold.

##.$.8# .#
#....#### ..#
#....#..# ....
##..#...# #r.r.
#...#...##...#
#P...#......#..
##..P..Yrr.....
#.....YY...r..#
##..##.@#......
#...#...#.....
#.............
#.......#..P#.
#......#....#
##......##..##
#P..#....#..##.
#....#...#.....
##...P.........


You could see 3 death yaks, a hell rat (wandering) and 4 river rats.

Vanquished Creatures
  2 hydras
  Pikel (D:6)
  7 elephants
  9 cane toads
  2 rime drakes
  4 komodo dragons
  2 polar bears
  A tyrant leech (Lair:3)
  A blink frog (Lair:3)
  9 yaks
  A vampire (D:8)
  A basilisk (Lair:4)
  4 wyverns
  A steam dragon (Lair:2)
  2 wargs (D:9)
  Edmund (D:4)
  A redback (Lair:2)
  7 water moccasins
  An orc warrior (D:9)
  4 wolves
  2 kobold brigands
  2 bullfrogs
  A hound (D:4)
  2 orc priests (D:9)
  An iguana (D:4)
  5 orc wizards
  2 gnolls (D:5)
  An adder (D:2)
  A shadow imp (D:5)
  A dart slug (D:3)
  8 orcs
  A bat (D:4)
  A goblin (D:1)
  2 hobgoblins
  A ball python (D:4)
  A frilled lizard (D:1)
  2 kobolds (D:9)
95 creatures vanquished.

Vanquished Creatures (collateral kills)
  Urug (Lair:1)
  4 elephants
  A black mamba (Lair:1)
  A molten gargoyle (Lair:3)
  A torpor snail (Lair:4)
  2 cane toads
  Psyche (D:8)
  2 rime drakes
  3 komodo dragons
  A polar bear (Lair:3)
  A hornet (D:10)
  2 tyrant leeches (Lair:3)
  A slime creature (D:8)
  5 blink frogs
  11 yaks
  2 wraiths
  2 wyverns
  A basilisk (Lair:3)
  A redback (Lair:2)
  2 wargs (D:9)
  4 water moccasins
  An orc warrior (D:9)
  5 black bears
  5 ogres
  7 wolves
  A centaur (D:9)
  3 lemures (D:6)
  3 phantoms
  6 bullfrogs
  A necrophage (D:6)
  7 scorpions
  Dowan (D:4)
  5 killer bees (D:9)
  3 howler monkeys (D:10)
  A nameless horror (D:9)
  9 orc priests
  2 hounds
  3 gnoll boudas
  2 jellies
  4 iguanas
  11 orc wizards
  Robin (D:2)
  4 adders
  16 gnolls
  2 white imps
  2 worms (D:2)
  A dart slug (D:4)
  34 orcs
  6 endoplasms
  2 giant cockroaches (D:3)
  5 hobgoblins
  3 jackals (D:3)
  18 kobolds
  7 quokkas
  4 ball pythons
  10 bats
  10 frilled lizards
  17 goblins
  5 rats
276 creatures vanquished.

Vanquished Creatures (others)
  A two-headed ogre (D:9)
  A death yak (Lair:5)
  An elephant (Lair:1)
  A troll (D:10)
  A tyrant leech (Lair:3)
  5 yaks
  Eustachio (D:4)
  3 dancing weapons
  2 swamp worms (Lair:3)
  Duvessa (D:4)
  2 water moccasins
  2 orc warriors
  A wolf (Lair:3)
  A kobold brigand (D:4)
  Blork the orc (D:4)
  2 gnoll sergeants (D:5)
  A necrophage (D:7)
  A wight (D:8)
  3 killer bees (D:9)
  A jelly (D:7)
  An orc priest (D:7)
  2 gnoll boudas
  7 gnolls (D:5)
  An orc (D:7)
  27 fungi
  74 plants
144 creatures vanquished.

Grand Total: 515 creatures vanquished

Notes
Turn   | Place    | Note
-------+----------+-------------------------------------------
     0 | D:1      | croobank the Felid Summoner began the quest for the Orb.
     0 | D:1      | Reached XP level 1. HP: 7/7 MP: 4/4
   465 | D:1      | Reached skill level 3 in Stealth
   501 | D:1      | Reached XP level 2. HP: 11/11 MP: 3/6
   504 | D:1      | Learned a level 2 spell: Call Imp
  1805 | D:2      | Reached XP level 3. HP: 8/14 MP: 3/7
  2107 | D:2      | Noticed Robin
  2322 | D:2      | Killed Robin
  3013 | D:3      | Reached XP level 4. HP: 18/18 MP: 3/8
  3017 | D:3      | Learned a level 3 spell: Call Canine Familiar
  3149 | D:3      | Reached skill level 4 in Stealth
  4292 | D:3      | Found a basalt altar of Yredelemnul.
  4453 | D:3      | Found a faded altar of an unknown god.
  4765 | D:4      | Found a staircase to the Ecumenical Temple.
  4765 | D:4      | Noticed an ogre
  4791 | D:4      | Killed an ogre
  4792 | D:4      | Reached XP level 5. HP: 21/21 MP: 3/10
  4980 | D:4      | Found an ornate altar of the Wu Jian Council.
  4990 | D:4      | Found a bloodstained altar of Trog.
  5010 | D:4      | Reached skill level 5 in Stealth
  5063 | Temple   | Entered the Ecumenical Temple
  5110 | Temple   | Became a worshipper of Gozag Ym Sagoz the Greedy
  5206 | D:4      | Noticed Duvessa
  5210 | D:4      | Noticed Dowan
  5230 | D:3      | Reached skill level 5 in Summonings
  5230 | D:3      | Gained mutation: You are covered in thick fur. (AC +2)
                  | [Felid growth]
  5230 | D:3      | Reached XP level 6. HP: 21/24 MP: 2/12
  5234 | D:3      | Learned a level 3 spell: Summon Guardian Golem
  5427 | D:4      | Killed Duvessa
  5428 | D:4      | Reached skill level 5 in Dodging
  5428 | D:4      | Reached skill level 1 in Hexes
  5633 | D:4      | Killed Dowan
  5769 | D:4      | Noticed Blork the orc
  5778 | D:4      | Killed Blork the orc
  5779 | D:4      | Reached XP level 7. HP: 27/27 MP: 3/13
  5986 | D:4      | Noticed Eustachio
  6069 | D:4      | Gained mutation: You are agile. (Dex +4, Str/Int -1)
                  | [potion of mutation]
  6069 | D:4      | Gained mutation: You are partially covered in iridescent
                  | scales. (AC +2) [potion of mutation]
  6112 | D:4      | Killed Eustachio
  6113 | D:4      | Reached skill level 6 in Stealth
  6245 | D:4      | Noticed Edmund
  6343 | D:4      | Killed Edmund
  6924 | D:4      | HP: 1/27 [kobold brigand/+1 dagger of venom (4)]
  6927 | D:4      | Reached XP level 8. HP: 28/31 MP: 2/15
  7252 | D:5      | Entered Level 5 of the Dungeon
  7298 | D:5      | Learned a level 4 spell: Summon Lightning Spire
  7539 | D:5      | Found a hide-covered altar of Uskayaw.
  7542 | D:5      | Reached skill level 1 in Fighting
  7653 | D:5      | Reached skill level 7 in Stealth
  8261 | D:5      | Reached skill level 1 in Air Magic
  8715 | D:5      | Found a burning altar of Makhleb.
  8715 | D:5      | Noticed a blizzard demon
  8868 | D:5      | Reached skill level 5 in Hexes
  9089 | D:5      | Reached skill level 5 in Spellcasting
  9353 | D:5      | Found a shimmering blue altar of Sif Muna.
  9858 | D:6      | Reached XP level 9. HP: 31/38 MP: 9/17
  9934 | D:6      | Learned a level 3 spell: Tukima's Dance
 10218 | D:6      | Reached skill level 8 in Stealth
 10225 | D:6      | Identified the +1 rapier of Gytta {chaos, rC+ rCorr Str-5}
 10260 | D:6      | Identified the +7 spear of Bedyucim {freeze, Fly rElec
                  | rCorr Str-2}
 11047 | D:6      | Found a glowing golden altar of the Shining One.
 11091 | D:6      | Noticed Pikel
 11171 | D:6      | Killed Pikel
 11172 | D:6      | Reached skill level 5 in Fighting
 11595 | D:7      | Found a sacrificial altar of Ru.
 12103 | D:7      | Found an iron altar of Okawaru.
 12195 | D:7      | Reached skill level 9 in Stealth
 12270 | D:7      | Found a broken altar of Ashenzari.
 12417 | D:7      | Reached XP level 10. HP: 45/45 MP: 10/19
 12804 | D:8      | Found a blossoming altar of Fedhas.
 13009 | D:8      | Noticed Psyche
 13027 | D:8      | Killed Psyche
 15244 | D:9      | Reached skill level 10 in Stealth
 15273 | D:9      | Found a staircase to the Lair.
 15710 | D:9      | Learned a level 3 spell: Inner Flame
 15964 | D:9      | Found Yrchuus's Magic Scroll Emporium.
 16054 | D:9      | Found a staircase to the Orcish Mines.
 16341 | D:9      | Got the Volume of Hypothermia and the Summer
 16460 | D:9      | Noticed a two-headed ogre
 16470 | D:9      | Killed a two-headed ogre
 16471 | D:9      | Reached XP level 11. HP: 50/50 MP: 0/22
 16830 | D:10     | Entered Level 10 of the Dungeon
 17438 | D:10     | Reached skill level 5 in Air Magic
 17533 | D:10     | Noticed a fire dragon
 17641 | Lair:1   | Entered Level 1 of the Lair of Beasts
 17780 | Lair:1   | Reached skill level 10 in Dodging
 17793 | Lair:1   | Reached skill level 11 in Stealth
 18622 | Lair:1   | Noticed Urug
 18844 | Lair:1   | Killed Urug
 20334 | Lair:2   | Reached skill level 1 in Fire Magic
 20334 | Lair:2   | Gained mutation: Your thick and shaggy fur keeps you warm.
                  | (AC +3, rC+) [Felid growth]
 20334 | Lair:2   | Reached XP level 12. HP: 51/57 MP: 11/24
 21339 | Lair:2   | Found a hole to the Spider Nest.
 21656 | Lair:3   | Noticed an eight-headed hydra
 21698 | Lair:3   | Killed from afar by a molten gargoyle
 21699 | Lair:3   | Reached XP level 11. HP: -2/53 MP: 3/23
 22045 | Lair:3   | Found a staircase to the Swamp.
 23052 | Lair:3   | Reached skill level 12 in Stealth
 23271 | Lair:3   | Killed an eight-headed hydra
 23272 | Lair:3   | Reached skill level 10 in Fighting
 23740 | Lair:3   | Identified the +1 chain mail of Xuittug {-Tele rElec rPois
                  | Int+5}
 24564 | Lair:3   | Learned a level 4 spell: Airstrike
 25085 | Lair:4   | Reached XP level 12. HP: 58/58 MP: 14/25
 25803 | Lair:4   | Noticed an eight-headed hydra
 25822 | Lair:4   | Killed an eight-headed hydra
 26485 | Lair:4   | Found a viscous altar of Jiyva.
 26487 | Lair:4   | Found a staircase to the Slime Pits.
 26530 | Lair:4   | Killed by an exploding elephant... ignited by their inner
                  | flame
 26531 | Lair:4   | Reached XP level 11. HP: -26/55 MP: 4/24
 27078 | Lair:5   | Entered Level 5 of the Lair of Beasts
 27122 | Lair:5   | Noticed a death yak
 27123 | Lair:5   | Noticed a death yak
 27523 | Lair:5   | Noticed a seven-headed hydra
 28408 | Lair:5   | Reached skill level 13 in Stealth
 28462 | Lair:5   | Noticed a death yak
 28491 | Lair:5   | Noticed a death yak
 28494 | Lair:5   | Killed a death yak
 28495 | Lair:5   | Reached skill level 10 in Summonings
 28500 | Lair:5   | Slain by a death yak

Illustrated notes

Levels and vault maps discovered:
D:1:      dpeg_arrival_long_road, layout_basic, serial_rivers,
          chequers_serial_rivers_small_b, chequers_serial_rivers_room_a,
          chequers_serial_rivers_marsh, chequers_serial_rivers_micro_d,
          chequers_serial_rivers_large_a, minmay_lizard_pond
D:2:      layout_loops_cross, uniq_robin
D:3:      layout_loops_ring, mainiacjoe_overflow_alcove_4, portal_sewer_entry_f,
          hellmonk_ecumenical_altar_pennies_from_heaven,
          kennysheep_generic_room_16
D:4:      cheibrodos_thug_alley, layout_rooms, pdpol_wu_jian_five_deadly_venoms,
          mainiacjoe_overflow_brackets, minmay_temple_entry_stoned_glass,
          roderic_batcave, uniq_duvessa, uniq_blork_the_orc, uniq_eustachio,
          uniq_edmund
D:5:      layout_basic, makhleb_altar_promises_db,
          nicolae_sif_muna_condensation, marbit_many_paths, grunt_ministairs_13,
          kennysheep_nub
D:6:      layout_gridville, lemuel_tele_altar, uniq_pikel
D:7:      layout_basic, nicolae_ru_great_annihilating_truth, okawaru_trees_1,
          lemuel_round_altar, kennysheep_generic_room_3
D:8:      minmay_clustersquares, layout_cave_pods,
          mainiacjoe_overflow_boulevard, uniq_psyche
D:9:      layout_roguey, erik_lair_orcish_takeover, erik_orc_4, serial_shops,
          nicolae_shop_hallway_stairs
D:10:     layout_basic, enter_bailey_3, minmay_chambers_of_fives
Temple:   bh_familiar_temple
Lair:1:   layout_cave_pods, serial_bayou_shore_a, uniq_urug
Lair:2:   layout_hall_layers, spider_nest_entry_funnel_web, grunt_megastairs_2
Lair:3:   layout_gridlike, minmay_swamp_entry_worms
Lair:4:   layout_roguey, slime_entry_1
Lair:5:   guppyfry_lair_end_dragon, layout_long_grid, kennysheep_rathole,
          infiniplex_staircase_pool

Skill      XL: |  1  2  3  4  5  6  7  8  9 10 11 12 |
---------------+-------------------------------------+-----
Dodging        | 3 4 5 6 7 8 9 11 | 11.9
Stealth        | 3 4 5 6 7 9 10 13 | 13.0
Spellcasting   | 3 4 5 6 8 |  8.6
Summonings     | 5 6 7 8 10 9 | 10.0
Hexes          | 2 4 5 7 |  7.0
Fighting       | 3 5 7 11 | 11.2
Air Magic      | 2 3 4 7 |  7.0
Fire Magic     | 1 |  1.0

Action                   |  1- 3 |  4- 6 |  7- 9 | 10-12 || total
-------------------------+-------+-------+-------+-------++-------
Melee: Unarmed           |    12 |     9 |    52 |    36 ||   109
       Bite              |     1 |     1 |     4 |     8 ||    14
       Punch             |       |       |     1 |     1 ||     2
 Cast: Summon Small Mamm |    65 |    49 |   107 |    53 ||   274
       Call Imp          |    19 |    11 |    31 |    23 ||    84
       Call Canine Famil |       |    27 |    60 |    82 ||   169
       Summon Guardian G |       |     4 |    34 |    31 ||    69
       Summon Lightning  |       |       |     4 |   108 ||   112
       Inner Flame       |       |       |       |   104 ||   104
       Tukima's Dance    |       |       |       |     9 ||     9
       Airstrike         |       |       |       |     2 ||     2
Invok: Potion Petition   |       |       |       |     1 ||     1
Evoke: Wand              |       |       |    12 |    20 ||    32
  Use: Scroll            |     6 |     3 |     3 |    17 ||    29
       Potion            |       |     1 |     7 |     3 ||    11
 Stab: Sleeping          |     1 |     1 |     2 |       ||     4
       Distracted        |     1 |       |     1 |       ||     2
Armor: Skin              |     1 |     5 |    21 |    15 ||    42
Dodge: Dodged            |    19 |    53 |   147 |   381 ||   600
